Map: Blueshift LE

Players

thermy (uThermal) - Winner!

  • Race: Terran Terran
  • League: Master
  • Spawn Location: 7:00

Harstem

  • Race: Protoss Protoss
  • Spawn Location: 1:00

Event: WCS Montreal 2018

VOD

Have the link to the VOD?

Description

Time

  • Played on: Sept. 7, 2018, 6:17 p.m.
  • Length: 7:07

All games in this series

Show
View Real Time Build Order
Export as new Build Order

thermy Terran - Winner!

Build Orders: Reaper Expand, MMM Bio 

Get SALT Encoding   

  12  0:01  SCV  
  13  0:13  SCV  
  14  0:18  Supply Depot  
  14  0:25  SCV  
  15  0:39  SCV  
  15  0:40  Barracks  
  16  0:43  Refinery  
  16  0:51  SCV  
  17  1:03  SCV  
  18  1:15  SCV  
  19  1:30  Reaper, Orbital Command  
  20  1:42  Command Center  
  20  1:48  Supply Depot  
  20  1:56  SCV  
  21  2:02  Marine  
  21  2:08  SCV  
  23  2:09  Factory  
  23  2:15  Refinery  
  23  2:20  SCV  
  23  2:21  Barracks Reactor  
  24  2:32  SCV  
  25  2:44  SCV  
  26  2:54  Widow Mine, Starport  
  26  2:55  Orbital Command  
  26  2:56  SCV  
  29  3:01  Marine x2  
  31  3:08  SCV  
  32  3:16  Widow Mine  
  32  3:19  Marine x2  
  36  3:20  SCV  
  36  3:21  SCV  
  36  3:22  Supply Depot  
  38  3:30  Medivac  
  38  3:31  Barracks  
  38  3:33  SCV  
  41  3:34  SCV  
  41  3:38  Widow Mine, Marine  
  41  3:40  Marine  
  46  3:45  SCV  
  46  3:46  SCV  
  48  3:51  Supply Depot  
  48  3:57  SCV  
  48  3:58  Barracks  
  48  4:01  Factory Tech Lab, Starport Tech Lab  
  49  4:04  Marine x2  
  49  4:07  SCV  
  49  4:09  SCV  
  53  4:13  Supply Depot  
  53  4:18  Engineering Bay  
  53  4:19  SCV  
  53  4:21  SCV  
  55  4:24  Stimpack  
  55  4:25  Factory Reactor  
  55  4:26  Starport Reactor, Marine  
  55  4:27  Marine  
  55  4:29  Marine  
  58  4:37  SCV  
  58  4:40  Refinery  
  58  4:43  Marine  
  59  4:46  Marine  
  59  4:47  Marine  
  59  4:50  SCV, Terran Infantry Weapons Level 1  
  60  4:53  Combat Shields, Marine  
  60  4:54  Bunker  
  60  4:55  SCV  
  60  5:00  Supply Depot  
  60  5:02  SCV, Widow Mine  
  60  5:04  Widow Mine  
  65  5:09  SCV, Supply Depot  
  65  5:13  Refinery  
  66  5:14  Marine x2  
  66  5:17  SCV  
  68  5:21  SCV  
  68  5:25  Widow Mine  
  68  5:26  Widow Mine  
  73  5:29  SCV, Marine  
  73  5:33  Medivac x2  
  79  5:35  SCV, Supply Depot  
  79  5:38  Marine x2  
  81  5:47  Supply Depot  
  81  5:48  Marauder, Marine  
  85  5:51  Widow Mine  
  85  5:56  Marine  
  85  5:57  Widow Mine  
  85  5:58  Supply Depot  
  85  6:03  Medivac x2, Marine, Supply Depot  
  92  6:11  Concussive Shells  
  92  6:13  Marauder, Widow Mine, Marine  
  92  6:14  Marine  
  98  6:19  Widow Mine  
  98  6:22  Marine  
  101  6:37  Command Center  
  101  6:39  Marine  
  108  6:40  Marine, Supply Depot  
  108  6:41  Marine  
Show
View Real Time Build Order
Export as new Build Order

Harstem Protoss 

Build Orders: 1 Gate Expand, Blink Stalkers 

Get SALT Encoding   

  12  0:01  Probe  
  13  0:13  Probe  
  14  0:17  Pylon  
  14  0:25  Probe  
  15  0:33  Probe  
  15  0:36  Gateway  
  15  0:41  Probe  
  16  0:47  Assimilator  
  17  0:51  Probe  
  18  1:03  Probe  
  19  1:16  Probe  
  20  1:24  Nexus  
  20  1:34  Cybernetics Core  
  20  1:37  Probe  
  21  1:43  Assimilator  
  21  1:49  Probe  
  21  1:53  Pylon  
  22  2:01  Probe  
  23  2:02  Adept  
  23  2:13  Warp Gate, Probe  
  26  2:23  Robotics Facility  
  26  2:24  Stalker  
  26  2:26  Probe  
  29  2:37  Probe  
  29  2:41  Probe  
  31  2:49  Probe  
  32  2:54  Probe  
  33  3:01  Probe  
  33  3:04  Observer  
  34  3:06  Probe  
  34  3:12  Twilight Council  
  36  3:13  Probe  
  36  3:18  Probe  
  38  3:20  Gateway  
  38  3:21  Gateway  
  38  3:25  Probe  
  38  3:26  Blink  
  40  3:29  Stalker  
  40  3:31  Probe  
  42  3:37  Probe  
  43  3:44  Probe  
  44  3:50  Probe  
  44  3:51  Pylon  
  44  3:53  Pylon  
  44  3:54  Observer  
  46  4:02  Pylon  
  46  4:09  Probe x2  
  48  4:16  Stalker x2  
  52  4:20  Stalker  
  52  4:21  Probe x2  
  56  4:25  Assimilator  
  56  4:27  Pylon  
  56  4:33  Probe  
  57  4:41  Stalker  
  57  4:49  Probe  
  57  4:50  Probe  
  57  4:52  Nexus  
  58  5:04  Forge  
  58  5:05  Probe, Forge  
  60  5:15  Gateway  
  60  5:18  Gateway  
  59  5:22  Charge  
  59  5:23  Observer  
  60  5:30  Stalker  
  62  5:47  Immortal  
  62  5:54  Probe  
  62  5:55  Probe  
  68  6:03  Gateway  
  68  6:06  Probe  
  68  6:08  Probe  
  71  6:18  Immortal, Sentry  
  71  6:19  Zealot x3  
  71  6:23  Pylon  
  79  6:32  Zealot  
  84  6:33  Probe  
  84  6:38  Pylon  
  85  6:43  Sentry, Zealot x2  
  91  6:47  Zealot  
  87  6:59  Zealot  
Tags
 
Add a new tag
Caveats
  • Supply blocks, unpowered buildings, or Contaminate may cause inaccurate times.
  • Supply counts are checked every 10 seconds.